 Dungeon Crawl Stone Soup version 0.19.5-1-g796a6487f8 (webtiles) character file.

1864969 Scion2EveryRL the Slayer (level 23, 227/227 HPs)
             Began as a Minotaur Fighter on Oct 20, 2019.
             Was an Initiate of Gozag.
             Escaped with the Orb
             ... and 3 runes on Oct 21, 2019!
             The game lasted 01:31:54 (50131 turns).

Scion2EveryRL the Slayer (Minotaur Fighter)        Turns: 50131, Time: 01:31:55

Health: 227/227    AC: 34    Str: 29    XL:     23   Next: 45%
Magic:  30/30      EV: 18    Int:  8    God:    Gozag
Gold:   2966       SH: 15    Dex: 13    Spells: 0 memorised, 22 levels left

rFire  + . .     SeeInvis .     t - +8 mithril axe "Arga" {speed, MR+}
rCold  + . .     Gourm    .     J - +3 plate armour {MR+}
rNeg   . . .     Faith    .     c - +0 shield
rPois  +         Spirit   +     K - +2 hat
rElec  .         Reflect  .     i - +2 cloak
rCorr  .         Harm     .     Y - +1 pair of gloves of Greed {+Inv rC+ Str+3}
MR     +++++     Clarity  +     C - +2 pair of boots {Fly}
Stlth  ..........               e - amulet of guardian spirit
                                L - ring of poison resistance
                                Q - ring of the Mage {Wiz MR++ Int+3}

@: no status effects
A: retaliatory headbutt, horns 2, clarity, fire resistance 1, weak 1
a: Potion Petition, Call Merchant, Bribe Branch, Renounce Religion, Evoke
Invisibility, Evoke Flight
0: Orb of Zot
}: 3/15 runes: barnacled, silver, gossamer


You escaped.
You worshipped Gozag.
Gozag was most pleased with you.
You were not hungry.

You visited 9 branches of the dungeon, and saw 47 of its levels.
You also visited: Ice Cave.

You collected 21983 gold pieces.
You spent 3075 gold pieces at shops.
You paid 15942 gold pieces to Gozag.

Inventory:

Hand Weapons
 s - the +8 trident of the Octopus King {venom, rElec rPois MR+}
   (You found it in an ice cave)

   It poisons the flesh of those it strikes.
   It insulates you from electricity.
   It protects you from poison.
   It affects your resistance to hostile enchantments.
 t - the +8 mithril axe "Arga" (weapon) {speed, MR+}
   (You acquired it on level 2 of the Orcish Mines)

   Attacks with this weapon are significantly faster.
   It affects your resistance to hostile enchantments.
Missiles
 R - 6 throwing nets (quivered)
 W - 19 curare-tipped needles
Armour
 c - a +0 shield (worn)
 i - a +2 cloak (worn)
 C - a +2 pair of boots of flying (worn)
 J - a +3 plate armour of magic resistance (worn)
 K - a +2 hat (worn)
 Y - the +1 pair of gloves of Greed (worn) {+Inv rC+ Str+3}
   (You found it on level 4 of the Lair of Beasts)

   It affects your strength (+3).
   It protects you from cold.
   It lets you turn invisible.
Jewellery
 e - an amulet of guardian spirit (around neck)
 E - a ring of the Octopus King {AC+1 EV+1 Str+1 Int+1 Dex+1 Stlth+}
   (You took it off an orc knight on level 4 of the Vaults)

   [ring of stealth]

   It affects your AC (+1).
   It affects your evasion (+1).
   It affects your strength (+1).
   It affects your intelligence (+1).
   It affects your dexterity (+1).
   It makes you more stealthy.
 L - a ring of poison resistance (right hand)
 Q - the ring of the Mage (left hand) {Wiz MR++ Int+3}
   (You bought it in a shop on level 8 of the Dungeon)

   [ring of wizardry]

   It improves your spell success rate.
   It affects your intelligence (+3).
   It affects your resistance to hostile enchantments.
 T - an uncursed ring of resist corrosion {unknown}
Wands
 y - a wand of digging (8/24)
 A - a wand of disintegration (7/24)
 B - a wand of acid (4/15)
 M - a wand of iceblast (8/15)
 S - a wand of iceblast (5/15)
 U - a wand of acid (7/15)
 X - a wand of enslavement (12/24)
Scrolls
 f - 5 scrolls of recharging
 h - a scroll of magic mapping
 j - a scroll of blinking
 l - 14 scrolls of remove curse
 m - 6 scrolls of immolation
 o - a scroll of brand weapon
 v - 6 scrolls of teleportation
 w - 6 scrolls of fear
 I - a scroll of summoning
 N - a scroll of silence
 V - 5 scrolls of fog
 Z - 17 scrolls of identify
Potions
 d - a potion of might
 k - 5 potions of invisibility
 n - 5 potions of brilliance
 p - 6 potions of flight
 r - 3 potions of berserk rage
 x - 13 potions of curing
 D - 4 potions of magic
 F - 4 potions of ambrosia
 G - 7 potions of agility
 H - 2 potions of lignification {something good}
 O - 2 potions of cancellation
 P - a potion of cure mutation
Miscellaneous
 g - a fan of gales
Comestibles
 a - 18 royal jellies
 b - 39 fruits
 u - 10 meat rations


   Skills:
 + Level 23.6 Fighting
 - Level 18.7(20.6) Axes
 - Level 15.8(19.2) Polearms
 + Level 18.9 Armour
 + Level 18.1 Dodging
 - Level 8.8 Stealth
 - Level 16.7 Shields
 * Level 11.8 Evocations


You had 22 spell levels left.
You didn't know any spells.

Dungeon Overview and Level Annotations

Branches:
Dungeon (15/15)            Temple (1/1) D:4            Lair (6/6) D:11
 Shoals (4/4) Lair:3       Spider (4/4) Lair:3        Slime (0/5) Lair:5
    Orc (2/2) D:11            Elf (0/3) Orc:2        Vaults (5/5) D:14
  Crypt (0/3) Vaults:3     Depths (5/5) D:15            Zot (5/5) Depths:5

Altars:
Ashenzari
Dithmenos
Fedhas
Gozag
Hepliaklqana
Kikubaaqudgha
Makhleb
Okawaru
Qazlal
Ru
Vehumet
Yredelemnul
The Shining One

Shops:
D:8 =*   D:10 %   D:15 (   Orc:2 *(*([   Lair:1 [   Shoals:1 *   Shoals:4 (
Vaults:2 *

Portals:
Hell: Depths:5
Abyss: Depths:3 Depths:4
Pandemonium: Depths:3
Trove: Vaults:4 (give wand of hasting (9))

Annotations:
Spider:2 Mara
Spider:3 Arachne
Depths:4 Frederick


Innate Abilities, Weirdness & Mutations

You reflexively headbutt those who attack you in melee.
You have a pair of horns on your head.
You possess an exceptional clarity of mind.
Your flesh is heat resistant. (rF+)
You are weak. (Str -2)


Message History

The blast of flame hits the hell hound.
The hell hound completely resists.
The blast of flame misses you.
You climb upwards.
There is a stone staircase leading down here.
A smoke demon comes into view.
You block the smoke demon's attack. x2; The smoke demon barely misses you.
Your plate armour prevents you from hitting the smoke demon.
You headbutt the smoke demon!
The smoke demon is heavily wounded.
You slice the smoke demon!!
You kill the smoke demon!
You now have 2966 gold pieces (gained 5).
You enter the shallow water.
Moving in this stuff is going to be slow.
An ufetubus comes into view.
A sixfirhy comes into view.
There is a large open door here.
There is a staircase leading out of the dungeon here.
You block the ufetubus's attack. x2
You have escaped!

.# ######### #........ .#
###.......# ###.......# .#
#.....§...###.'.......'
.##########.≈§≈≈§§§≈≈≈#.#.......#
..........).≈8§≈§§§≈8≈#...#######
........####≈≈8≈≈≈≈8§§###.# #
........# #§≈≈#3'#§§§###.#######
........# #≈≈≈#5.#≈§§§..........
........# #≈≈≈#@.#≈≈≈.##.###.###
........## #≈≈≈####≈≈≈.##.# #.# #
.........###≈≈8§§§§8§≈.##.# #.###
.>..........≈8≈≈§§§≈8≈.##.# #....
#...#.####..≈≈≈§≈§§§≈≈.##.# #....
###...# ##............##.# #....
############...######..##.# #.###
...........'...+....).....# #.# #
#####...####...#######.######.###


You could see a sixfirhy and an ufetubus.

Vanquished Creatures
  2 orbs of fire
  4 golden dragons
  Jory (Vaults:5)
  3 electric golems
  A bone dragon (Depths:5)
  8 Orb Guardians
  2 liches
  2 tentacled monstrosities
  An acid blob (Lair:5)
  2 titans
  Frances (D:13)
  An eldritch tentacle (Zot:5)
  A kraken (Shoals:3)
  5 shadow dragons
  4 tengu reavers
  8 storm dragons
  2 sphinxes
  Kirke (Spider:4)
  Ilsuiw (Shoals:4)
  3 fire giants
  2 deep elf sorcerers
  Aizul (Vaults:4)
  17 vault wardens
  7 frost giants
  6 ghost moths
  A cacodemon (Zot:4)
  A draconian shifter (Zot:2)
  A draconian scorcher (Zot:4)
  Louise (D:15)
  A caustic shrike zombie (Depths:3)
  A draconian zealot (Zot:5)
  A draconian knight (Depths:5)
  A deep elf elementalist (Vaults:4)
  3 spriggan defenders
  5 emperor scorpions
  6 stone giants
  14 ironheart preservers
  2 war gargoyles
  4 entropy weavers
  2 draconian annihilators
  3 deep elf demonologists
  9 very ugly things
  2 vampire knights
  A purple draconian (Depths:5)
  4 green draconians
  3 black draconians
  3 mottled draconians
  7 spark wasps
  3 white draconians
  3 deep elf annihilators
  Snorg (D:13)
  8 ettins
  A red draconian (Depths:5)
  5 merfolk javelineers (Shoals:4)
  2 deep elf death magi
  11 fire dragons
  8 merfolk impalers (Shoals:4)
  A fire dragon (shapeshifter) (Vaults:5)
  Josephine (D:12)
  5 deep elf high priests
  Erolcha (D:9)
  33 vault guards
  19 yaktaur captains
  12 ogre magi
  A quicksilver dragon skeleton (Depths:3)
  3 great orbs of eyes
  3 spriggan air magi
  11 hydras
  5 ice dragons
  2 merfolk avatars (Shoals:4)
  2 rakshasas
  A catoblepas (D:13)
  Erica (Lair:1)
  3 death knights
  2 alligator snapping turtles
  4 merfolk aquamancers (Shoals:4)
  12 deep troll earth magi
  6 centaur warriors
  2 tengu warriors
  A satyr (Shoals:4)
  6 death yaks
  2 vampire magi
  2 deep troll shamans
  A queen ant (Lair:3)
  6 orc high priests (Orc:2)
  2 spriggan berserkers
  Urug (D:11)
  6 deep elf knights
  A sun demon (D:9)
  A fire crab (Lair:6)
  Sonja (D:13)
  6 hell knights (Depths:4)
  5 skeletal warriors
  A shadow wraith (Vaults:5)
  2 unseen horrors
  A golden dragon zombie (Depths:3)
  20 deep trolls
  3 glowing orange brains
  A sea snake (shapeshifter) (Vaults:1)
  3 flayed ghosts
  A shadow dragon zombie (Depths:3)
  12 sea snakes
  A kraken simulacrum (Shoals:4)
  A swamp dragon (Vaults:1)
  4 wizards
  2 deep elf archers
  15 orc knights
  Pikel (D:5)
  8 hill giants
  4 harpies (Shoals:1)
  21 ironbrand convokers
  A phantasmal warrior (Vaults:3)
  4 necromancers
  An oklob plant (Shoals:3)
  19 orb spiders
  2 fauns (shapeshifter)
  A stone giant zombie (D:15)
  2 tengu skeletons
  8 deep elf magi
  4 cyclopes
  A frost giant zombie (Vaults:4)
  11 manticores
  An orb spider (shapeshifter) (Vaults:4)
  3 orc sorcerers
  15 fauns
  8 moths of wrath
  41 ugly things
  39 wolf spiders
  A moth of wrath (shapeshifter) (Vaults:4)
  9 sirens
  A black mamba (shapeshifter) (Vaults:2)
  A fire giant skeleton (Depths:3)
  A human skeleton (Vaults:4)
  3 ice statues (IceCv)
  A toenail golem (Depths:3)
  16 vault sentinels
  Joseph (D:9)
  3 water nymphs
  4 molten gargoyles
  Psyche (D:9)
  4 black mambas
  A rust devil (D:15)
  A smoke demon (D:1)
  A spriggan skeleton (D:15)
  An eye of devastation (Vaults:1)
  3 gargoyles
  2 torpor snails
  2 orange demons (Zot:4)
  8 spiny frogs
  A spriggan zombie (Depths:3)
  11 komodo dragons
  A komodo dragon (shapeshifter) (D:9)
  5 freezing wraiths
  A kobold demonologist (D:14)
  12 demonic crawlers
  An elf zombie (Depths:3)
  44 yaktaurs
  A tengu conjurer (Depths:2)
  43 jumping spiders
  11 trolls
  20 merfolk
  19 hornets
  A jumping spider (shapeshifter) (Vaults:3)
  A queen bee (Lair:1)
  18 two-headed ogres
  30 slime creatures
  A polar bear (shapeshifter) (Depths:2)
  8 wind drakes
  Grinder (D:6)
  Prince Ribbit (D:7)
  An ettin zombie (Vaults:4)
  9 snapping turtles
  A raiju (shapeshifter) (Depths:2)
  13 hippogriffs
  16 blink frogs
  2 spriggans (shapeshifter) (Depths:5)
  3 air elementals
  A centaur simulacrum (D:14)
  Sigmund (D:6)
  86 redbacks
  11 spriggans
  36 tarantellas
  7 wraiths
  20 yaks
  3 fire bats (Lair:2)
  A shadow (D:13)
  9 water elementals
  11 wyverns
  A fire elemental (Lair:2)
  A hog (Spider:4)
  3 steam dragons
  2 basilisks
  3 vampire mosquitoes (D:15)
  A chaos spawn (Depths:2)
  6 hungry ghosts
  A hog (shapeshifter) (Vaults:1)
  2 wargs
  A naga (shapeshifter) (Vaults:1)
  4 mottled dragons
  13 soldier ants (Lair:3)
  11 water moccasins
  5 hell hounds (Lair:6)
  10 porcupines
  42 orc warriors
  5 sky beasts
  10 ice beasts
  A sky beast (shapeshifter) (Vaults:4)
  2 black bears
  42 ogres
  A black bear (shapeshifter) (Vaults:1)
  2 phantoms
  A necrophage (D:7)
  9 wolves
  3 boggarts (Vaults:2)
  2 eyes of draining
  17 centaurs
  7 crocodiles
  2 human zombies
  5 big kobolds
  18 bullfrogs
  A gnoll sergeant (D:11)
  A water moccasin zombie (D:7)
  A glowing shapeshifter simulacrum (Vaults:2)
  A wyvern skeleton (D:12)
  7 scorpions
  36 killer bees
  4 wights (D:8)
  6 electric eels
  5 howler monkeys
  6 crimson imps
  A bullfrog zombie (D:12)
  5 lava snakes
  2 quasits
  A bullfrog skeleton (D:7)
  10 hounds
  13 jellies
  7 centaur skeletons
  5 centaur zombies
  Crazy Yiuf (D:7)
  36 orc priests
  16 orc wizards
  11 iguanas
  Ijyb (D:2)
  38 worker ants
  A hound zombie (D:4)
  3 hound skeletons
  A howler monkey zombie (D:7)
  7 gnolls
  14 adders
  5 shadow imps
  12 white imps (Orc:2)
  An ufetubus (D:15)
  5 oozes
  2 adder zombies
  2 adder skeletons
  A worm (D:2)
  A leopard gecko (D:1)
  114 orcs
  2 ball pythons
  5 giant cockroaches
  9 goblins
  6 hobgoblins
  19 jackals
  22 kobolds
  6 quokkas
  A ball python skeleton (D:4)
  17 bats
  5 frilled lizards
  2 jackal skeletons
  A jackal zombie (D:5)
  A leopard gecko skeleton (D:5)
  A quokka zombie (D:5)
  4 rats
  A fire vortex (Lair:2)
  5 tentacles
1888 creatures vanquished.

Vanquished Creatures (collateral kills)
  2 orbs of fire (Zot:5)
  An ancient lich (Vaults:5)
  A pandemonium lord (Zot:5)
  A Killer Klown (Zot:5)
  A golden dragon (Zot:5)
  A curse toe (Zot:5)
  3 tentacled monstrosities (Zot:5)
  11 Orb Guardians (Zot:5)
  2 death cobs (Zot:5)
  A shadow dragon (Vaults:5)
  A tengu reaver (Vaults:5)
  A frost giant (Vaults:5)
  A white draconian (Zot:5)
  A mottled draconian (Zot:5)
  A deep elf high priest (Vaults:5)
  3 vault guards (Vaults:5)
  An ogre mage (Vaults:5)
  A deep elf archer (Vaults:5)
  3 deep trolls (Vaults:5)
  2 ironbrand convokers (Vaults:5)
  A moth of wrath (Zot:5)
  2 vault sentinels (Vaults:5)
  An ice devil (Zot:5)
  A two-headed ogre (Vaults:5)
  3 ogres (Vaults:5)
47 creatures vanquished.

Vanquished Creatures (others)
  2 ancient liches (Zot:5)
  A tentacled monstrosity (Zot:5)
  2 titans (Vaults:5)
  5 Orb Guardians (Zot:5)
  A sphinx (Vaults:5)
  A draconian monk (Zot:2)
  2 storm dragons
  2 vault wardens (Vaults:5)
  A fire giant (Vaults:5)
  2 draconian scorchers (Zot:2)
  4 frost giants (Vaults:5)
  A deep elf sorcerer (Vaults:5)
  3 draconian zealots
  2 draconian shifters
  A war gargoyle (Vaults:5)
  An entropy weaver (Vaults:5)
  3 ironheart preservers (Vaults:5)
  A draconian caller (Zot:2)
  4 stone giants (Vaults:5)
  2 green draconians
  3 deep elf demonologists (Vaults:5)
  A black draconian (Zot:4)
  3 yellow draconians
  A red draconian (Zot:4)
  2 mottled draconians
  3 white draconians
  2 yaktaur captains (Vaults:5)
  12 vault guards (Vaults:5)
  A deep elf high priest (Vaults:5)
  2 ogre magi (Vaults:5)
  2 deep trolls (Vaults:5)
  A shadow wraith (Vaults:5)
  A deep elf mage (Vaults:5)
  A deep elf archer (Vaults:5)
  A glowing orange brain (Vaults:5)
  2 yaktaurs
  A jumping spider (Spider:3)
  A redback (Vaults:5)
  A two-headed ogre (Vaults:5)
  A tarantella (Vaults:5)
  2 humans (Spider:3)
  2 orc warriors
  7 ogres (Vaults:5)
  A howler monkey (D:8)
  A gnoll (D:6)
  An orc (Vaults:5)
  A jackal (D:11)
  2 fungi (Lair:6)
  9 plants
  6 tentacles
  A withered plant (D:15)
116 creatures vanquished.

Grand Total: 2051 creatures vanquished

Notes
Turn   | Place    | Note
-------+----------+-------------------------------------------
     0 | D:1      | Scion2EveryRL the Minotaur Fighter began the quest for the Orb.
     0 | D:1      | Reached XP level 1. HP: 19/19 MP: 0/0
   156 | D:1      | Reached XP level 2. HP: 27/27 MP: 1/1
   632 | D:1      | Reached XP level 3. HP: 28/33 MP: 2/2
  1040 | D:2      | Noticed Ijyb
  1069 | D:2      | Killed Ijyb
  1069 | D:2      | Reached skill level 5 in Polearms
  1118 | D:2      | Reached XP level 4. HP: 34/40 MP: 3/3
  1272 | D:2      | Reached skill level 4 in Fighting
  1505 | D:3      | Found a burning altar of Makhleb.
  1557 | D:3      | Reached skill level 5 in Fighting
  1630 | D:3      | Reached XP level 5. HP: 18/48 MP: 4/4
  1922 | D:3      | Found a shadowy altar of Dithmenos.
  2478 | D:3      | Reached skill level 6 in Fighting
  2532 | D:4      | Got a warped whip
  2542 | D:4      | Identified the cursed +2 whip of the Median {flame, rF+ MP+9} (You found it on level 4 of the Dungeon)
  2570 | D:4      | Found a staircase to the Ecumenical Temple.
  2611 | D:4      | Reached XP level 6. HP: 58/58 MP: 5/5
  2645 | Temple   | Entered the Ecumenical Temple
  2651 | Temple   | Became a worshipper of Gozag Ym Sagoz the Greedy
  2978 | D:5      | Entered Level 5 of the Dungeon
  3068 | D:5      | Reached skill level 7 in Fighting
  3231 | D:5      | Found an iron altar of Okawaru.
  3650 | D:5      | Reached skill level 8 in Fighting
  3650 | D:5      | Reached XP level 7. HP: 59/68 MP: 6/6
  3857 | D:6      | Noticed Pikel
  3886 | D:5      | Killed Pikel
  3886 | D:5      | Reached skill level 9 in Fighting
  3886 | D:5      | Reached XP level 8. HP: 71/78 MP: 7/7
  4174 | D:6      | Noticed Sigmund
  4199 | D:6      | Killed Sigmund
  4329 | D:6      | Noticed Grinder
  4330 | D:6      | Paralysed by Grinder for 4 turns
  4338 | D:6      | Killed Grinder
  4338 | D:6      | Reached skill level 5 in Armour
  4455 | D:7      | Reached skill level 1 in Dodging
  4622 | D:7      | Reached skill level 5 in Shields
  4717 | D:7      | Reached XP level 9. HP: 79/84 MP: 8/8
  4995 | D:7      | Found a basalt altar of Yredelemnul.
  5039 | D:7      | Noticed Prince Ribbit
  5052 | D:7      | Killed Prince Ribbit
  5052 | D:7      | Reached skill level 5 in Dodging
  5449 | D:7      | Found a runed door.
  5479 | D:7      | Noticed Crazy Yiuf
  5484 | D:7      | Killed Crazy Yiuf
  5987 | D:8      | Found Nexkenai's General Store.
  6119 | D:8      | Reached skill level 10 in Fighting
  6177 | D:8      | You fall through a shaft!
  6177 | D:9      | Noticed Erolcha
  6202 | D:9      | Reached XP level 10. HP: 87/93 MP: 9/9
  6667 | D:9      | Got a shimmering scale mail
  6678 | D:9      | Identified the +6 scale mail of Tosiofillag {MR+ Str-3 Int+4} (You found it on level 9 of the Dungeon)
  6707 | D:9      | Noticed Joseph
  6732 | D:9      | Killed Joseph
  6732 | D:9      | Reached skill level 11 in Fighting
  6732 | D:9      | Reached skill level 10 in Polearms
  7198 | D:8      | Bought the ring of the Mage {Wiz MR++ Int+3} for 672 gold pieces
  7309 | D:9      | Noticed Psyche
  7318 | D:9      | Killed Psyche
  7352 | D:9      | Killed Erolcha
  7352 | D:9      | Reached skill level 12 in Fighting
  7539 | D:9      | Noticed a salamander
  7556 | D:9      | a salamander changed into a komodo dragon
  7586 | D:10     | Entered Level 10 of the Dungeon
  7586 | D:10     | Noticed a cyclops
  7616 | D:10     | Killed a cyclops
  7616 | D:10     | Reached XP level 11. HP: 33/105 MP: 10/10
  8252 | D:10     | Identified the Incunabulum of Changing
  8272 | D:10     | Found Bimik's Food Shoppe.
  8444 | D:10     | You fall through a shaft for 2 floors!
  8491 | D:12     | Noticed Josephine
  8608 | D:11     | Noticed a hill giant
  8610 | D:11     | Noticed a hill giant
  8612 | D:11     | Noticed Snorg
  8638 | D:11     | Killed a hill giant
  8638 | D:11     | Reached skill level 13 in Fighting
  8648 | D:11     | Killed a hill giant
  9750 | D:10     | Got a bronze chain mail
  9792 | D:10     | Identified the +3 chain mail of Pride {Str-3 Dex+8} (You found it on level 10 of the Dungeon)
 10171 | D:11     | Found a blossoming altar of Fedhas.
 10535 | D:11     | Reached XP level 12. HP: 105/116 MP: 11/11
 10629 | D:11     | Found a staircase to the Lair.
 10718 | D:11     | Noticed Urug
 10727 | D:11     | Killed Urug
 10890 | D:11     | Found a staircase to the Orcish Mines.
 11402 | D:12     | Noticed a deep troll earth mage
 11457 | D:12     | Reached skill level 15 in Polearms
 11919 | D:12     | Killed Josephine
 12036 | D:12     | Killed a deep troll earth mage
 12313 | Lair:1   | Entered Level 1 of the Lair of Beasts
 12602 | Lair:1   | You fall through a shaft!
 12604 | Lair:2   | Gained mutation: Your flesh is heat resistant. (rF+) [potion of beneficial mutation]
 12706 | Lair:2   | Noticed a death yak
 12724 | Lair:2   | Killed a death yak
 13198 | Lair:2   | Reached skill level 10 in Shields
 13253 | Lair:2   | Noticed a six-headed hydra
 13262 | Lair:2   | Killed a six-headed hydra
 13583 | Lair:3   | Reached XP level 13. HP: 123/123 MP: 12/12
 14161 | Lair:3   | Found a hole to the Spider Nest.
 14410 | Lair:3   | Found a staircase to the Shoals.
 14579 | Lair:4   | Got a pair of jewelled gloves
 14590 | Lair:4   | Identified the +1 pair of gloves of Greed {+Inv rC+ Str+3} (You found it on level 4 of the Lair of Beasts)
 14661 | Lair:4   | Reached skill level 10 in Armour
 15135 | Lair:4   | Reached skill level 10 in Dodging
 15178 | Lair:5   | Found a staircase to the Slime Pits.
 15776 | Lair:5   | Noticed an acid blob
 15793 | Lair:5   | Killed an acid blob
 16002 | Lair:5   | You fall through a shaft!
 16002 | Lair:6   | Entered Level 6 of the Lair of Beasts
 16783 | Lair:6   | Reached XP level 14. HP: 130/130 MP: 13/13
 16864 | Lair:6   | Reached skill level 14 in Fighting
 17091 | Lair:6   | Found a large runed door.
 17092 | Lair:6   | Found a large runed door.
 17982 | Lair:1   | Noticed Erica
 18018 | Lair:1   | Killed Erica
 18434 | Lair:1   | Bought a +2 plate armour of magic resistance for 640 gold pieces
 18567 | Orc:1    | Entered Level 1 of the Orcish Mines
 18642 | Orc:1    | Reached skill level 15 in Fighting
 18779 | Orc:2    | Entered Level 2 of the Orcish Mines
 18828 | Orc:2    | Found a frozen archway.
 18904 | IceCv    | Entered an ice cave
 19367 | IceCv    | Got a steaming chain mail
 19418 | IceCv    | Identified the +6 chain mail of the City {*Corrode Dex+5} (You found it in an ice cave)
 19599 | Orc:2    | Found a staircase to the Elven Halls.
 20491 | Orc:2    | Gained mutation: You are weak. (Str -2) [a neqoxec]
 20742 | Orc:2    | Found Dahel's Assorted Antiques.
 20743 | Orc:2    | Found Kuruoh's Assorted Antiques.
 20743 | Orc:2    | Found Plog's Weapon Boutique.
 20744 | Orc:2    | Found Lozepun's Weapon Shop.
 20751 | Orc:2    | Bought 2 scrolls of fear for 140 gold pieces
 20751 | Orc:2    | Bought a scroll of enchant armour for 150 gold pieces
 20754 | Orc:2    | Bought a scroll of identify for 42 gold pieces
 20754 | Orc:2    | Bought a scroll labeled XUFUIFA PIANYQ for 21 gold pieces
 20754 | Orc:2    | Bought a scroll of enchant weapon for 157 gold pieces
 20754 | Orc:2    | Bought a potion of curing for 63 gold pieces
 20754 | Orc:2    | Bought a large golden ring for 105 gold pieces
 20754 | Orc:2    | Bought a potion of agility for 84 gold pieces
 20757 | Orc:2    | Identified a scroll of acquirement
 20815 | Orc:2    | Bought a pair of embroidered boots for 315 gold pieces
 20884 | Orc:2    | Bought a blackened peridot amulet for 100 gold pieces
 21125 | Shoals:1 | Entered Level 1 of the Shoals
 21152 | Shoals:1 | Reached XP level 15. HP: 141/141 MP: 14/14
 21248 | Shoals:1 | Found Suynk's General Store.
 21256 | Shoals:1 | Bought a scroll of recharging for 180 gold pieces
 22511 | Shoals:2 | Reached skill level 16 in Fighting
 23119 | Shoals:3 | Noticed a kraken
 23142 | Shoals:3 | Killed a kraken
 23538 | Shoals:3 | Found a sacrificial altar of Ru.
 23671 | Shoals:4 | Entered Level 4 of the Shoals
 23749 | Shoals:4 | Found Cuag's Antique Weapon Boutique.
 24342 | Shoals:4 | Noticed Ilsuiw
 24521 | Shoals:4 | Reached XP level 16. HP: 152/152 MP: 11/15
 24542 | Shoals:4 | Reached skill level 15 in Shields
 24874 | Shoals:4 | Killed Ilsuiw
 25228 | Shoals:4 | Got a barnacled rune of Zot
 25500 | Spider:1 | Entered Level 1 of the Spider Nest
 25626 | Spider:1 | Reached skill level 1 in Axes
 25626 | Spider:1 | Reached skill level 1 in Stealth
 26305 | Spider:2 | Reached skill level 17 in Fighting
 26921 | Spider:2 | You are sucked into a shaft!
 26933 | Spider:4 | Entered Level 4 of the Spider Nest
 26997 | Spider:4 | Reached skill level 5 in Stealth
 27440 | Spider:4 | Reached skill level 5 in Axes
 27507 | Spider:4 | Reached XP level 17. HP: 162/162 MP: 16/16
 28351 | Spider:4 | Reached skill level 18 in Fighting
 29022 | Spider:4 | Got a gossamer rune of Zot
 29232 | Spider:3 | Noticed Kirke
 29265 | Spider:4 | Killed Kirke
 30263 | Spider:3 | Noticed Arachne
 30657 | Spider:3 | Noticed Mara
 30670 | Spider:3 | Noticed Scion2EveryRL's illusion
 30943 | Spider:2 | Noticed Scion2EveryRL's illusion
 31283 | Spider:2 | Noticed Scion2EveryRL's illusion
 32089 | D:13     | Reached skill level 19 in Fighting
 32266 | D:13     | Noticed Frances
 32277 | D:13     | Killed Frances
 32331 | D:13     | Killed Snorg
 32406 | D:13     | Noticed Sonja
 32413 | D:13     | Killed Sonja
 32413 | D:13     | Reached XP level 18. HP: 159/176 MP: 15/17
 32807 | D:14     | Found a radiant altar of Vehumet.
 33112 | D:14     | Found a gate to the Vaults.
 33440 | Vaults:1 | Entered Level 1 of the Vaults
 34015 | Vaults:1 | Noticed an Ice Fiend
 34062 | Vaults:1 | Reached skill level 15 in Armour
 34587 | Vaults:1 | Noticed a golden dragon
 34590 | Vaults:1 | Reached skill level 20 in Fighting
 35097 | Vaults:1 | Reached skill level 10 in Axes
 35446 | Vaults:1 | Killed a golden dragon
 35952 | Vaults:2 | Found Jemeymon's Assorted Antiques.
 35955 | Vaults:2 | Bought a scroll of identify for 58 gold pieces
 35955 | Vaults:2 | Bought a scroll of identify for 58 gold pieces
 35955 | Vaults:2 | Bought a scroll of fog for 58 gold pieces
 35955 | Vaults:2 | Bought a potion of cancellation for 232 gold pieces
 36038 | Vaults:2 | Reached skill level 15 in Dodging
 36045 | Vaults:2 | Reached XP level 19. HP: 177/187 MP: 18/18
 36481 | Vaults:2 | Reached skill level 21 in Fighting
 38451 | Vaults:3 | Found a staircase to the Crypt.
 39163 | Vaults:3 | Reached XP level 20. HP: 152/200 MP: 15/19
 39858 | Vaults:4 | Noticed Aizul
 39876 | Vaults:4 | Killed Aizul
 40358 | Vaults:4 | Reached skill level 15 in Axes
 40732 | Vaults:4 | Identified a ring of the Octopus King {AC+1 EV+1 Str+1 Int+1 Dex+1 Stlth+} (You took it off an orc knight on level 4 of the Vaults)
 41207 | Vaults:4 | Found a portal to a secret trove of treasure.
 41512 | Vaults:5 | Entered Level 5 of the Vaults
 41857 | Vaults:5 | Reached XP level 21. HP: 206/206 MP: 20/20
 41886 | Vaults:5 | Noticed Jory
 41903 | Vaults:5 | Killed Jory
 41988 | Vaults:5 | Reached skill level 22 in Fighting
 42057 | Vaults:5 | Reached skill level 1 in Evocations
 42293 | Vaults:5 | Identified the ring "Eshuisk" {rElec rN++ MR+ Str+2 Int-4 SInv} (You found it on level 5 of the Vaults)
 42438 | Vaults:5 | Noticed an ancient lich
 42452 | Vaults:5 | Killed an ancient lich
 42578 | Vaults:5 | Identified the Catalogue of Confrontation and Darkness
 42583 | Vaults:5 | Identified The Lost Secrets of Wizardry
 42650 | Vaults:5 | Noticed a golden dragon
 42657 | Vaults:5 | Killed a golden dragon
 42923 | Vaults:5 | Got a silver rune of Zot
 43216 | D:15     | Entered Level 15 of the Dungeon
 43216 | D:15     | Noticed Louise
 43236 | D:15     | Killed Louise
 43255 | D:15     | Found a staircase to the Depths.
 43391 | D:15     | Reached skill level 5 in Evocations
 43405 | D:15     | Found Zumem's Antique Weapon Boutique.
 43537 | Depths:1 | Entered Level 1 of the Depths
 43813 | Depths:3 | Found a one-way gate leading to the halls of Pandemonium.
 44157 | Depths:3 | Found a one-way gate to the infinite horrors of the Abyss.
 44666 | Depths:4 | Noticed a golden dragon
 44691 | Depths:4 | Killed a golden dragon
 44692 | Depths:4 | Reached XP level 22. HP: 194/217 MP: 21/26
 44882 | Depths:4 | Noticed Frederick
 44892 | Depths:5 | Entered Level 5 of the Depths
 45152 | Depths:5 | Found a gate to the Realm of Zot.
 45163 | Depths:5 | HP: 1/217 [storm dragon/bolt of lightning (31)]
 46255 | Depths:5 | Found a gateway to Hell.
 46627 | Depths:5 | Reached skill level 23 in Fighting
 46670 | Zot:1    | Entered Level 1 of the Realm of Zot
 47469 | Zot:2    | Reached skill level 10 in Evocations
 47584 | Zot:4    | Noticed an orb of fire
 47607 | Zot:4    | Noticed a golden dragon
 47617 | Zot:4    | Killed an orb of fire
 47623 | Zot:4    | Killed a golden dragon
 47952 | Zot:5    | Entered Level 5 of the Realm of Zot
 47952 | Zot:5    | Noticed a golden dragon
 47964 | Zot:5    | Killed a golden dragon
 48328 | Zot:5    | Reached XP level 23. HP: 202/227 MP: 26/29
 48358 | Zot:5    | Noticed a curse toe
 48407 | Zot:5    | Killed a curse toe
 48476 | Zot:5    | Noticed an orb of fire
 48499 | Zot:5    | Noticed an ancient lich
 48500 | Zot:5    | Noticed an orb of fire
 48500 | Zot:5    | Noticed an orb of fire
 48508 | Zot:5    | Noticed an orb of fire
 48509 | Zot:5    | Noticed a Killer Klown
 48518 | Zot:5    | Killed an orb of fire
 48563 | Zot:5    | Killed an orb of fire
 48569 | Zot:5    | Killed an ancient lich
 48695 | Zot:5    | Noticed an ancient lich
 48702 | Zot:5    | Killed an orb of fire
 48728 | Zot:5    | Killed a Killer Klown
 48984 | Zot:5    | Got the Orb of Zot
 49010 | Zot:5    | Noticed Pusae the pandemonium lord
 49026 | Zot:5    | Noticed an orb of fire
 49031 | Zot:5    | Gained mutation: You possess an exceptional clarity of mind. [an orb of fire]
 49038 | Zot:5    | Killed Pusae the pandemonium lord
 49895 | D:8      | Noticed Cyff the pandemonium lord
 50131 | D:$      | Escaped with the Orb!

Skill      XL: |  1  2  3  4  5  6  7  8  9 10 11 12 13 14 15 16 17 18 19 20 21 22 23 |
---------------+----------------------------------------------------------------------+-----
Polearms       | 3 4 5 8 9 11 13 15 | 15.8
Fighting       | 5 6 8 9 10 12 13 15 16 17 19 20 21 22 23 | 23.6
Armour         | 5 7 8 12 13 14 15 16 17 18 | 18.9
Dodging        | 3 6 7 8 11 13 14 15 16 17 18 | 18.1
Shields        | 5 8 10 11 14 16 | 16.7
Axes           | 5 8 10 12 18 | 18.7
Stealth        | 5 8 |  8.8
Evocations     | 7 10 11 | 11.8

Action                   |  1- 3 |  4- 6 |  7- 9 | 10-12 | 13-15 | 16-18 | 19-21 | 22-24 || total
-------------------------+-------+-------+-------+-------+-------+-------+-------+-------++-------
Melee: Trident           |    88 |       |       |   783 |  2414 |  1426 |       |       ||  4711
       Whip              |     7 |       |       |       |       |       |       |       ||     7
       Headbutt          |    16 |    21 |    72 |   222 |   444 |   476 |   487 |   216 ||  1954
       Spear             |    13 |   169 |   380 |   444 |       |       |       |       ||  1006
       Broad axe         |       |       |       |       |       |   587 |  1661 |   715 ||  2963
Throw: Throwing net      |       |       |       |       |       |     2 |       |       ||     2
Invok: Call Merchant     |       |       |     1 |     1 |     1 |       |       |       ||     3
       Potion Petition   |       |       |       |     1 |       |     2 |     2 |     6 ||    11
       Bribe Branch      |       |       |       |       |       |       |     1 |     2 ||     3
 Abil: Stop Flying       |       |       |       |       |       |       |     1 |       ||     1
Evoke: Wand              |       |       |       |       |       |     6 |       |     4 ||    10
  Use: Scroll            |       |     7 |     6 |     8 |    30 |    12 |     9 |     8 ||    80
       Potion            |       |       |       |     2 |     1 |     2 |     1 |    16 ||    22
 Stab: Distracted        |       |       |       |     3 |    10 |    10 |    15 |    10 ||    48
       Invisible         |       |       |       |       |       |     2 |       |       ||     2
       Confused          |       |       |       |       |       |       |     1 |       ||     1
  Eat: Chunk             |     1 |     5 |       |       |       |       |       |       ||     6
       Meat ration       |       |     1 |       |       |     4 |     4 |     2 |     3 ||    14
       Beef jerky        |       |       |     1 |       |     4 |       |     1 |       ||     6
       Fruit             |       |       |     3 |    11 |       |       |       |       ||    14
       Pizza             |       |       |     1 |       |     1 |     3 |     4 |       ||     9
       Bread ration      |       |       |       |     6 |     2 |     4 |     4 |       ||    16
       Royal jelly       |       |       |       |     2 |     1 |       |       |       ||     3
Armor: Scale mail        |     7 |       |       |   223 |   146 |       |       |       ||   376
       Plate armour      |    40 |    62 |    75 |    16 |   216 |   638 |   349 |   183 ||  1579
Dodge: Dodged            |    17 |    10 |    44 |   343 |   800 |   812 |   378 |   228 ||  2632
Block: Shield            |    35 |    56 |    98 |   434 |   827 |  1077 |   608 |   313 ||  3448
